 Dungeon Sprint DCSS version 0.28.0-53-g5a82cb258f (webtiles) character file.

Game seed: 16604361586925614370

2410 Zeld the Warrior (level 9, -3/97 HPs)
             Began as a Minotaur Berserker on May 29, 2022.
             Was an Elder of Trog.
             Killed from afar by a spriggan druid (32 damage)
             ... with a stone arrow
             ... in the Dungeon (Sprint IV: "Fedhas' Mad Dash").
             The game lasted 00:03:31 (4635 turns).

Zeld the Warrior (Minotaur Berserker)               Turns: 4635, Time: 00:03:31

Health: -3/97      AC:  2    Str: 27    XL:     9   Next: 23%
Magic:  8/8        EV: 14    Int:  4    God:    Trog [****..]
Gold:   206        SH:  0    Dex:  9    Spells: 8/8 levels left

rFire   . . .      SeeInvis .   a - +0 hand axe
rCold   . . .      Faith    .   (no shield)
rNeg    . . .      Spirit   .   b - +0 animal skin
rPois   .          Reflect  .   (helmet restricted)
rElec   .          Harm     .   (no cloak)
rCorr   .          Rampage  .   (no gloves)
Will    .....      NoTele   +   (no boots)
Stlth   +.........              k - amulet of invisibility {+Inv}
HPRegen 0.26/turn               (no ring)
MPRegen 0.11/turn               (no ring)

@: no status effects
A: horns 2, retaliatory headbutt
a: Renounce Religion, Evoke Invisibility, Berserk, Trog's Hand, Brothers in Arms


You were in the Dungeon.
You worshipped Trog.
Trog was greatly pleased with you.
You visited 1 branch You collected 206 gold pieces.

Inventory:

Hand Weapons
 a - a +0 hand axe (weapon)
Armour
 b - a +0 animal skin (worn)
Jewellery
 k - the amulet of invisibility (around neck) {+Inv}
   (You found it in the Dungeon)

   [amulet of nothing]

   +Inv:      It lets you turn invisible.
 l - a ring of protection from cold
Scrolls
 h - a scroll of blinking
 i - 2 scrolls of identify {unknown}
 j - a scroll of vulnerability {unknown}
Potions
 c - a potion of curing
 d - 2 potions of heal wounds
 e - a potion of haste
 f - 2 potions of magic
 g - a potion of berserk rage


   Skills:
 * Level 15.0 Fighting
 * Level 14.9 Axes
 + Level 10.7 Armour
 + Level 9.8 Dodging


You had 8 spell levels left.
You didn't know any spells.
Your spell library was empty.

Dungeon Overview and Level Annotations

Branches:
Dungeon (1/1)

Altars:
Cheibriados
Dithmenos
Elyvilon
Gozag
Hepliaklqana
Kikubaaqudgha
Makhleb
Nemelex Xobeh
Okawaru
Qazlal
Ru
Sif Muna
Trog
Uskayaw
Vehumet
Wu Jian
Xom
Yredelemnul
Zin
The Shining One
Beogh
Jiyva
Lugonu

Shops:
D [(([


Innate Abilities, Weirdness & Mutations

You have a pair of horns on your head.
You reflexively headbutt those who attack you in melee.


Message History

You punch the spriggan druid.
The spriggan druid is heavily wounded.
The spriggan druid hits you with a +0 quarterstaff!
You miss the spriggan druid.
The spriggan druid is heavily wounded.
You closely miss the spriggan druid.
Your headbutt misses the spriggan druid.
The spriggan druid is heavily wounded.
The spriggan druid hits you with a +0 quarterstaff!!
You are too injured to fight recklessly!
You hit the spriggan druid.
Your headbutt misses the spriggan druid.
The spriggan druid is heavily wounded.
You barely miss the spriggan druid.
Your headbutt misses the spriggan druid.
The spriggan druid is heavily wounded.
The spriggan druid mumbles some strange words.
The forest starts to sway and rumble!
You barely miss the spriggan druid.
The forest calms down.
The spriggan druid is heavily wounded.
The spriggan druid barely misses you.
You hit the spriggan druid but do no damage.
Your headbutt misses the spriggan druid.
The spriggan druid is heavily wounded.
You hit the spriggan druid.
Your headbutt misses the spriggan druid.
The spriggan druid is heavily wounded.
The spriggan druid barely misses you. You furiously retaliate!
You headbutt the spriggan druid! You miss the spriggan druid.
The spriggan druid is severely wounded.
You barely miss the spriggan druid.
The spriggan druid is severely wounded.
The spriggan druid hits you with a +0 quarterstaff!
* * * LOW HITPOINT WARNING * * *
You slash the spriggan druid!
The spriggan druid is almost dead.
The spriggan druid casts a spell at you.
The stone arrow hits you!!
You die...

...'.#...'.._._._._._..'.)#...#..
...#.#...#..._._._._...#..###'##.
#######'##.._._._._._..#..##∩∩.'.
.....'...#._._._._._.⌠.##########
.....#...###############
.♣..######♣♣♣♣♣..♣(#
######.['......♣..♣#
'.......#♣..♣♣♣.♣i.#
#.......#.♣♣.[♣.@$♣
###################


You could see a spriggan druid.

Vanquished Creatures
  An oklob plant (D)
  A queen bee (D)
  2 burning bushes (D)
  3 scorpions (D)
  3 killer bees (D)
  A wandering mushroom (D)
  4 oklob saplings (D)
  2 spriggans (D)
  A river rat (D)
  A rat (D)
19 creatures vanquished.

Vanquished Creatures (collateral kills)
  An oklob plant (D)
  A wandering mushroom (D)
  A burning bush (D)
  A killer bee (D)
  An oklob sapling (D)
5 creatures vanquished.

Vanquished Creatures (others)
  A wandering mushroom (D)
1 creature vanquished.

Grand Total: 25 creatures vanquished

Notes
Turn   | Place    | Note
-------+----------+-------------------------------------------
     0 | D        | Zeld the Minotaur Berserker began the quest for the Orb.
     0 | D        | Reached XP level 1. HP: 19/19 MP: 0/0
    14 | D        | Reached skill level 4 in Fighting
    14 | D        | Reached XP level 2. HP: 7/28 MP: 1/1
   263 | D        | Noticed an oklob sapling
   265 | D        | Noticed a scorpion
   268 | D        | Killed an oklob sapling
   268 | D        | Reached ** piety under Trog
   269 | D        | Reached skill level 5 in Fighting
   269 | D        | Reached skill level 5 in Axes
   269 | D        | Reached XP level 3. HP: 37/37 MP: 2/2
   269 | D        | Killed a scorpion
   270 | D        | Reached skill level 7 in Fighting
   270 | D        | Reached XP level 4. HP: 47/47 MP: 3/3
   273 | D        | Found the amulet of invisibility {+Inv}
   602 | D        | Found an opulent altar of Gozag.
   602 | D        | Found a hazy altar of Hepliaklqana.
   602 | D        | Found a burning altar of Makhleb.
   602 | D        | Found a sparkling altar of Nemelex Xobeh.
   602 | D        | Found a snail-covered altar of Cheibriados.
   602 | D        | Found a sacrificial altar of Ru.
   602 | D        | Found a shimmering blue altar of Sif Muna.
   602 | D        | Found a shimmering altar of Xom.
   602 | D        | Found a basalt altar of Yredelemnul.
   603 | D        | Found a viscous altar of Jiyva.
   603 | D        | Found a bloodstained altar of Trog.
   603 | D        | Found an ornate altar of the Wu Jian Council.
   604 | D        | Found an iron altar of Okawaru.
   604 | D        | Found a shadowy altar of Dithmenos.
   604 | D        | Found a glowing silver altar of Zin.
   605 | D        | Found an ancient bone altar of Kikubaaqudgha.
   605 | D        | Found a hide-covered altar of Uskayaw.
   606 | D        | Found a stormy altar of Qazlal.
   606 | D        | Found a white marble altar of Elyvilon.
   606 | D        | Found a glowing golden altar of the Shining One.
   607 | D        | Found a corrupted altar of Lugonu.
   607 | D        | Found a radiant altar of Vehumet.
   615 | D        | Reached skill level 5 in Armour
   615 | D        | Reached XP level 5. HP: 40/53 MP: 2/4
   687 | D        | Reached skill level 8 in Fighting
   687 | D        | Reached skill level 5 in Dodging
  1050 | D        | Reached *** piety under Trog
  1051 | D        | Reached skill level 9 in Fighting
  1423 | D        | Reached XP level 6. HP: 64/64 MP: 5/5
  1431 | D        | Found Hehiushoola's Antique Weapon Shop.
  1431 | D        | Found Nyem's Armour Emporium.
  1439 | D        | Noticed a burning bush
  1439 | D        | Noticed a wandering mushroom
  1684 | D        | Noticed a wandering mushroom
  2741 | D        | Reached skill level 10 in Fighting
  2741 | D        | Reached skill level 10 in Axes
  3082 | D        | Killed a burning bush
  3082 | D        | Reached **** piety under Trog
  3083 | D        | Reached skill level 11 in Fighting
  3083 | D        | Reached XP level 7. HP: 43/74 MP: 6/6
  3324 | D        | Found Soupp's Armour Emporium.
  3324 | D        | Found Wynexam's Antique Weapon Shoppe.
  3413 | D        | Noticed a queen bee
  3414 | D        | Noticed a burning bush
  3440 | D        | Killed a queen bee
  3440 | D        | Reached ***** piety under Trog
  3441 | D        | Reached skill level 12 in Fighting
  3971 | D        | Noticed an oklob plant
  3986 | D        | Killed an oklob plant
  3987 | D        | Reached skill level 13 in Fighting
  3987 | D        | Reached XP level 8. HP: 86/86 MP: 5/7
  4028 | D        | Killed a burning bush
  4165 | D        | Noticed a burning bush
  4165 | D        | Noticed an oklob plant
  4538 | D        | Noticed a wandering mushroom
  4539 | D        | Killed a burning bush
  4540 | D        | Reached skill level 14 in Fighting
  4540 | D        | Reached skill level 10 in Armour
  4542 | D        | Killed a wandering mushroom
  4543 | D        | Reached XP level 9. HP: 86/96 MP: 8/8
  4546 | D        | Killed an oklob plant
  4551 | D        | Reached skill level 15 in Fighting
  4582 | D        | Identified the +0 leather armour of Trumpets {rN+ Will+
                  | Int-4}
  4618 | D        | Noticed a spriggan druid
  4635 | D        | Killed from afar by a spriggan druid

Illustrated notes

Levels and vault maps discovered:
D:        dungeon_sprint_fedhas [sprint_temple]

Skill      XL: |  1  2  3  4  5  6  7  8  9 |
---------------+----------------------------+-----
Fighting       | 4 5 7 9 11 13 14 15 | 15.0
Axes           | 4 5 7 9 11 13 14 | 14.9
Armour         | 3 4 5 6 7 9 10 | 10.7
Dodging        | 3 4 5 7 8 9 |  9.8

Action                   |  1- 3 |  4- 6 |  7- 9 || total
-------------------------+-------+-------+-------++-------
Melee: Hand axe          |     9 |    62 |    70 ||   141
       Headbutt          |     2 |    20 |    11 ||    33
       Punch             |     1 |     1 |     3 ||     5
Invok: Berserk           |     2 |     2 |     1 ||     5
       Brothers in Arms  |       |       |     2 ||     2
       Trog's Hand       |       |       |     1 ||     1
 Abil: Evoke Invisibilit |       |     4 |     3 ||     7
 Stab: Invisible         |       |     3 |     2 ||     5
       Sleeping          |       |       |     2 ||     2
Armor: Animal skin       |       |     1 |     2 ||     3
Dodge: Dodged            |     5 |    26 |    24 ||    55
